 Dungeon Crawl Stone Soup version 0.29.1-2-gbd0b4ee654 (webtiles) character file.

Game seed: 7663099385827939997

70 MisterFreud the Twirler (level 4, 0/33 HPs)
             Began as a Formicid Gladiator on Oct 24, 2022.
             Slain by a black bear (4 damage)
             ... on level 3 of the Dungeon.
             The game lasted 00:02:14 (2621 turns).

MisterFreud the Twirler (Formicid Gladiator)        Turns: 2621, Time: 00:02:16

Health: 0/33       AC:  8    Str: 20    XL:     4   Next: 45%
Magic:  4/4        EV:  8    Int:  8    God:
Gold:   93         SH:  0    Dex: 15    Spells: 3/3 levels left

rFire   . . .      SeeInvis +   a - +0 quarterstaff (freeze)
rCold   . . .      Faith    .   (no shield)
rNeg    . . .      Spirit   .   o - +0 chain mail
rPois   +          Reflect  .   (helmet unavailable)
rElec   .          Harm     .   (no cloak)
rCorr   .          Rampage  .   (no gloves)
Will    .....                   (no boots)
Stlth   ..........              (no amulet)
HPRegen 0.11/turn               j - ring of poison resistance
MPRegen 0.09/turn               (no ring)

@: no status effects
A: permanent stasis, dig shafts and tunnels, antennae 3, four strong arms
a: Dig, Shaft Self


You were on level 3 of the Dungeon.
You visited 1 branch of the dungeon, and saw 3 of its levels.

You collected 93 gold pieces.

Inventory:

Hand Weapons
 a - a +0 quarterstaff of freezing (weapon)
Missiles
 c - 3 throwing nets (quivered)
 d - a javelin
 h - 9 poisoned darts
 l - 2 boomerangs
 p - 3 atropa-tipped darts
Armour
 b - a +0 leather armour
 o - a +0 chain mail (worn)
Jewellery
 i - a ring of ice
 j - a ring of poison resistance (left hand)
Wands
 n - a wand of polymorph (10)
Scrolls
 q - a scroll of brand weapon
 r - a scroll of amnesia
Potions
 e - a potion of resistance
 f - 2 potions of haste {unknown}
 g - a potion of flight {unknown}
 k - 3 potions of curing
 m - a potion of heal wounds {unknown}


   Skills:
 - Level 2.1 Fighting
 + Level 4.9 Staves
 - Level 2.0 Throwing
 - Level 2.6 Dodging


You had 3 spell levels left.
You didn't know any spells.
Your spell library contained the following spells:

 Spells                   Type           Power      Damage    Failure   Level
 Portal Projectile        Hex/Tloc       0%         N/A       100%        3
 Tukima's Dance           Hex            0%         N/A       100%        3
 Blade Hands              Tmut           0%         N/A       100%        5


Dungeon Overview and Level Annotations

Branches:
Dungeon (3/15)

Altars:
Gozag
Makhleb
Sif Muna


Innate Abilities, Weirdness & Mutations

You cannot be hasted, slowed, berserked, paralysed or teleported.
You can dig through walls and to a lower floor.
You have a pair of large antennae on your head. (SInv)
Your four strong arms can wield two-handed weapons with a shield.


Message History

The black bear is lightly wounded.
The black bear completely misses you. The black bear claws you. x2
You hit the black bear. You freeze the black bear.
The black bear is moderately wounded.
The black bear closely misses you.
The black bear claws you but does no damage. x2
A black bear is nearby!
You barely miss the black bear.
The black bear is moderately wounded.
The black bear bites you but does no damage.
The black bear closely misses you.
The black bear claws you but does no damage.
A black bear is nearby!
You barely miss the black bear.
The black bear is moderately wounded.
The black bear bites you but does no damage.
The black bear claws you but does no damage.
The black bear claws you.
You hit the black bear. You freeze the black bear. You punch the black bear.
The black bear is severely wounded.
The black bear goes berserk!
You hit the black bear. You freeze the black bear.
The black bear is almost dead.
The black bear bites you! The black bear barely misses you.
The black bear claws you. The black bear closely misses you.
The black bear completely misses you. The black bear claws you.
* * * LOW HITPOINT WARNING * * *
You are too injured to fight recklessly!
You closely miss the black bear.
The black bear is almost dead.
The black bear barely misses you.
The black bear claws you but does no damage.
The black bear barely misses you.
You hit the black bear but do no damage.
The black bear is almost dead.
The black bear bites you.
* * * LOW HITPOINT WARNING * * *
The black bear claws you but does no damage. x2
The black bear barely misses you. The black bear claws you.
You die...

........#..8#...#
#......#
#.#.###)#########
###...##
#.#.###.)....# ###...
#....##......# #...
####.##......#########
###.
####†#########.......#
#. .....#### #.......#
#. #.......# #...h...#
#. #.......########@#
#. #................#
##. #...........####.#
#####..
######......####.#
#####...'..
#.......'.##.#
#.....###..
#.......#....# #.....#
#.. #.#####.#....#
#.....# #.. #.
..#....# #.....# #..
.. ##.#....# #####.#
###


You could see a black bear (berserk).

Vanquished Creatures
  3 adders
  2 dart slugs
  An endoplasm (D:3)
  9 goblins
  5 hobgoblins
  3 kobolds
  A quokka (D:3)
  5 ball pythons
  4 bats
  2 frilled lizards (D:1)
  4 rats
39 creatures vanquished.

Notes
Turn   | Place    | Note
-------+----------+-------------------------------------------
     0 | D:1      | MisterFreud the Formicid Gladiator began the quest for the
                  | Orb.
     0 | D:1      | Reached XP level 1. HP: 16/16 MP: 1/1
   168 | D:1      | Reached XP level 2. HP: 22/22 MP: 2/2
   201 | D:1      | You fall into a shaft and drop 1 floor!
   201 | D:2      | Found a burning altar of Makhleb.
   555 | D:2      | Reached skill level 4 in Staves
   555 | D:2      | Reached XP level 3. HP: 8/27 MP: 3/3
  1998 | D:3      | Reached XP level 4. HP: 24/33 MP: 4/4
  2098 | D:3      | Found an opulent altar of Gozag.
  2354 | D:3      | Found a shimmering blue altar of Sif Muna.
  2612 | D:3      | Noticed a black bear
  2621 | D:3      | Slain by a black bear

Illustrated notes

Levels and vault maps discovered:
D:1:      ebering_hopf_link, layout_loops_ring, serial_rivers,
          chequers_serial_rivers_marsh, chequers_serial_rivers_small_b,
          chequers_serial_rivers_small_b, chequers_serial_rivers_small_b
D:2:      layout_basic, basic_altar
D:3:      layout_basic, lemuel_doored_altar, grunt_gozag_breadcrumbs

Skill      XL: |  1  2 |
---------------+-------+-----
Staves         | 4 |  4.9
Fighting       | |  2.1
Throwing       | |  2.0
Dodging        | |  2.6

Action                   |  1- 3 |  4- 6 || total
-------------------------+-------+-------++-------
Melee: Quarterstaff      |    93 |    34 ||   127
       Punch             |       |     1 ||     1
 Abil: Shaft Self        |     1 |       ||     1
  Use: Scroll            |     4 |     4 ||     8
Armor: Leather armour    |    10 |       ||    10
       Chain mail        |    11 |    23 ||    34
Dodge: Dodged            |    64 |    21 ||    85
